Map: Shadowed Jungle

Players

GoPackNCSU - Winner!

  • Race: Terran Terran
  • Spawn Location: 7:00

Metasapien - Winner!

  • Race: Zerg Zerg
  • League: Platinum
  • Spawn Location: 5:00

Alphalight

  • Race: Terran Terran
  • League: Gold
  • Spawn Location: 11:00

billiards

  • Race: Zerg Zerg
  • League: Diamond
  • Spawn Location: 1:00

VOD

Have the link to the VOD?

Description

Time

  • Played on: Sept. 18, 2017, 12:19 a.m.
  • Length: 14:46
Show
View Real Time Build Order
Export as new Build Order

GoPackNCSU Terran - Winner!

Build Orders: MMM Bio 

Get SALT Encoding   

  12  0:03  SCV  
  13  0:15  Supply Depot  
  13  0:18  SCV  
  14  0:30  SCV  
  15  0:40  Barracks  
  15  0:43  SCV  
  16  0:53  Refinery  
  16  0:55  SCV  
  17  1:10  Supply Depot  
  17  1:18  SCV  
  18  1:28  Barracks  
  18  1:30  SCV  
  19  1:36  Barracks Tech Lab  
  19  1:44  Barracks  
  19  1:50  Orbital Command  
  19  1:58  Marine  
  20  2:05  Stimpack  
  20  2:26  Refinery  
  20  2:27  Barracks Reactor  
  20  2:31  Engineering Bay  
  20  2:37  Marauder, Marine  
  23  2:45  Barracks  
  23  2:51  SCV  
  23  2:55  Marine  
  25  3:01  Marauder  
  25  3:03  SCV  
  28  3:12  Missile Turret  
  28  3:16  SCV, Marine x2  
  31  3:23  Terran Infantry Weapons Level 1  
  31  3:34  Supply Depot  
  31  3:41  Supply Depot  
  31  3:54  Factory  
  31  4:00  Supply Depot  
  31  4:05  Marauder, Marine  
  31  4:09  Marine  
  35  4:14  Concussive Shells  
  35  4:22  Marine  
  36  4:24  Marine  
  36  4:27  Marauder  
  39  4:32  Marine  
  39  4:33  Marine  
  41  4:39  Factory Tech Lab  
  41  4:40  Marine  
  42  4:48  Marauder, Marine  
  42  4:50  Marine  
  42  4:51  Marine  
  47  4:58  Marine  
  48  5:08  Starport, Marine  
  48  5:10  Combat Shields  
  49  5:22  Terran Infantry Armor Level 1  
  49  5:24  Marine  
  49  5:25  Marine x2  
  49  5:27  Marine  
  53  5:29  Marine  
  54  5:42  Missile Turret, Marine  
  55  5:52  Supply Depot  
  55  6:13  Medivac  
  42  6:41  Marine x5  
  42  6:43  Medivac  
  46  6:59  Marine x5  
  51  7:19  Medivac  
  53  7:29  Command Center  
  53  7:42  Armory  
  53  7:57  Marine x2  
  53  7:58  Marine x3  
  58  8:15  Marine x3  
  58  8:16  Marine x2  
  49  9:38  Marine x5  
  43  9:56  Marine x5  
  42  10:13  Marine  
  33  10:22  Planetary Fortress  
  33  10:53  Marine  
  33  10:54  Marine x4  
  38  10:57  Terran Infantry Weapons Level 2  
  38  11:11  Marine x2  
  38  11:12  Marine x3  
  38  11:15  Missile Turret  
  38  11:18  Missile Turret  
  43  11:19  Viking  
  45  11:29  Marine x3  
  45  11:30  Marine x2  
  50  11:37  Missile Turret  
  50  11:43  Missile Turret  
  50  11:47  Marine x3  
  50  11:49  Viking  
  55  11:57  Missile Turret  
  55  12:11  Marauder  
  55  12:12  Marine x3  
  60  12:16  Missile Turret  
  60  12:27  Missile Turret  
  55  12:33  Marauder  
  41  12:37  Missile Turret  
  41  12:43  Thor  
  45  12:47  SCV  
  38  12:54  Marauder  
  40  12:59  SCV  
  38  13:15  Marauder  
  40  13:27  Marine x4  
  40  13:34  SCV  
  45  13:37  Marauder  
  45  13:40  Refinery  
  47  13:44  Refinery  
  47  13:45  Marine x2  
  47  13:46  SCV  
  44  14:21  Marauder  
Show
View Real Time Build Order
Export as new Build Order

Metasapien Zerg - Winner!

Build Orders: Pool First 

Get SALT Encoding   

  12  0:19  Spawning Pool  
  11  0:24  Drone  
  11  0:28  Drone  
  13  0:32  Drone  
  14  0:40  Overlord  
  14  0:46  Extractor  
  14  0:48  Drone  
  14  1:00  Drone  
  15  1:09  Drone  
  16  1:28  Drone, Hatchery  
  16  1:37  Zergling x2  
  17  1:42  Spore Crawler  
  17  1:44  Drone  
  17  1:59  Metabolic Boost  
  17  2:01  Drone  
  18  2:03  Drone  
  19  2:29  Drone  
  20  2:36  Hatchery  
  19  2:40  Drone x2  
  19  2:42  Drone  
  22  2:54  Queen  
  22  2:57  Drone  
  25  3:04  Spine Crawler  
  24  3:11  Queen  
  26  3:24  Overlord  
  26  3:25  Overlord  
  25  3:28  Zergling x2  
  25  3:29  Zergling x2  
  27  3:35  Overlord  
  27  3:45  Extractor  
  27  3:47  Zergling x6  
  29  3:57  Roach Warren  
  29  4:01  Drone x2  
  30  4:23  Zergling x4  
  32  4:24  Queen  
  32  4:25  Drone x2  
  32  4:26  Drone  
  32  4:29  Drone  
  38  4:34  Drone  
  38  4:36  Drone  
  40  4:39  Drone  
  40  4:41  Drone  
  42  4:46  Drone  
  42  4:50  Drone x2  
  42  4:52  Drone  
  46  4:54  Drone  
  46  5:01  Roach x2  
  50  5:10  Roach  
  50  5:11  Roach x2  
  56  5:16  Roach  
  56  5:17  Overlord  
  56  5:19  Overlord  
  58  5:30  Drone, Spine Crawler  
  58  5:31  Lair  
  58  5:39  Extractor  
  58  5:41  Drone  
  58  5:42  Drone x3  
  61  5:44  Drone x3  
  61  5:46  Drone  
  65  5:52  Drone x2  
  65  5:54  Overlord  
  67  6:01  Drone  
  67  6:02  Drone x2  
  70  6:10  Ravager x2  
  72  6:12  Roach x2  
  72  6:13  Roach x3  
  71  6:27  Roach  
  71  6:28  Roach x4  
  77  6:58  Overlord x3  
  77  7:03  Pneumatized Carapace  
  77  7:05  Overseer  
  77  7:11  Hydralisk Den  
  77  7:12  Infestation Pit  
  77  7:13  Spore Crawler  
  74  7:16  Queen x2, Spore Crawler  
  74  7:18  Spore Crawler  
  74  7:20  Extractor  
  75  7:38  Ravager  
  71  7:56  Ravager x2  
  68  8:01  Roach x3  
  68  8:02  Roach x4  
  68  8:03  Roach  
  68  8:04  Zergling x12  
  70  8:40  Drone x3  
  73  8:41  Drone x2  
  73  8:42  Drone  
  73  8:46  Extractor  
  75  8:55  Hydralisk x2  
  75  8:56  Roach  
  81  9:10  Muscular Augments  
  81  9:14  Overlord x3  
  81  9:15  Overlord, Spore Crawler  
  80  9:21  Extractor  
  79  9:32  Hydralisk  
  79  9:33  Roach x2, Hydralisk x2  
  89  9:41  Drone x3  
  89  9:43  Drone  
  89  9:44  Drone  
  89  9:45  Drone x3  
  97  9:46  Drone x2  
  99  9:55  Hatchery  
  99  9:59  Hydralisk x3  
  96  10:04  Zergling x2  
  99  10:12  Evolution Chamber  
  99  10:13  Drone  
  99  10:15  Evolution Chamber  
  99  10:16  Drone  
  99  10:17  Drone x2  
  101  10:23  Roach, Hydralisk x4  
  101  10:24  Roach  
  113  10:31  Overlord x2  
  109  10:38  Hydralisk  
  109  10:39  Roach  
  113  10:47  Nydus Network  
  77  11:15  Drone, Queen  
  80  11:21  Hydralisk x11  
  98  11:26  Zerg Missile Weapons Level 1  
  98  11:27  Zerg Ground Armor Level 1  
  90  11:51  Roach, Hydralisk x6  
  90  11:52  Hydralisk x6  
  90  11:53  Hydralisk x3  
  122  12:01  Hatchery  
  121  12:32  Drone x2  
  121  12:33  Drone x2  
  121  12:34  Drone x5  
  121  12:35  Overlord x2  
  121  12:36  Overlord x2  
  130  12:41  Extractor  
  129  12:46  Extractor  
  129  12:47  Hydralisk  
  129  12:48  Roach  
  129  12:49  Roach x2  
  130  13:01  Nydus Canal  
  116  13:19  Hydralisk x6  
  112  13:20  Roach x2, Hydralisk x4  
  112  13:21  Roach x4, Hydralisk x3  
  112  13:22  Overlord, Roach x2  
  144  13:31  Drone  
  145  13:37  Drone  
  145  13:38  Drone x4  
  150  13:43  Hydralisk x3  
  150  13:44  Roach x4, Hydralisk  
  166  14:02  Nydus Canal  
  166  14:09  Zergling x24  
  181  14:10  Zergling x6  
Show
View Real Time Build Order
Export as new Build Order

Alphalight Terran 

Build Orders:  

Get SALT Encoding   

  12  0:02  SCV  
  13  0:19  SCV  
  14  0:28  Supply Depot  
  14  0:31  SCV  
  15  0:35  Refinery  
  15  0:38  Refinery  
  15  0:54  Barracks  
  15  0:55  SCV  
  16  1:07  SCV  
  17  1:19  Barracks  
  17  1:23  SCV  
  18  1:35  SCV  
  19  1:42  Supply Depot  
  19  1:47  Barracks Reactor  
  19  1:53  SCV  
  20  2:07  Factory  
  20  2:12  Barracks Tech Lab  
  20  2:17  SCV  
  21  2:29  SCV  
  22  2:32  Marine  
  22  2:33  Marine x2  
  25  2:45  Orbital Command  
  25  2:59  Starport  
  25  3:05  Factory Tech Lab  
  25  3:08  Marine x2  
  25  3:12  SCV  
  28  3:21  Supply Depot  
  28  3:24  SCV  
  29  3:38  Starport Reactor  
  29  3:40  Marine x2  
  31  3:42  Siege Tank  
  31  3:44  Marine  
  35  3:52  Supply Depot  
  35  4:09  Marine  
  35  4:10  Marine x2  
  35  4:14  Siege Tank  
  35  4:15  Medivac  
  43  4:17  Medivac  
  45  4:32  Marine x2  
  45  4:36  Supply Depot  
  47  4:40  Stimpack  
  47  4:58  Medivac x2, Marine  
  47  4:59  Siege Tank  
  55  5:05  Supply Depot  
  55  5:26  Marine x2  
  55  5:28  Marine  
  58  5:40  Viking x2  
  62  5:51  Command Center  
  62  5:53  Marine  
  63  6:19  Marine x2  
  34  7:04  Siege Tank  
  34  7:05  Medivac  
  34  7:06  Medivac  
  34  7:07  Marine  
  34  7:08  Marine x2  
  44  7:16  Engineering Bay  
  44  7:28  SCV  
  45  7:31  SCV  
  45  7:36  Siege Tank  
  49  7:40  SCV  
  50  8:00  Marine x3  
  29  8:36  SCV  
  22  8:59  Planetary Fortress  
  13  9:20  Medivac  
  13  9:21  Marine  
  16  9:40  SCV  
  16  9:44  Marine x2  
  8  10:09  SCV  
  8  10:13  Marine x2  
  11  10:21  SCV  
  12  10:30  Marine  
  13  10:39  SCV  
  13  10:41  Marine  
  15  10:45  Orbital Command  
  15  10:48  Marine  
  16  10:51  SCV  
  16  10:56  Factory  
  17  11:04  SCV  
  18  11:09  Marine x2  
  20  11:11  SCV  
  20  11:16  Starport Reactor  
  21  11:27  Missile Turret  
  21  11:28  Missile Turret  
  21  11:30  Refinery  
  21  11:33  Refinery  
  21  11:43  Factory Tech Lab  
  21  11:50  Barracks Tech Lab  
  21  11:51  Barracks Reactor  
  21  11:58  SCV  
  22  12:04  Medivac  
  24  12:10  SCV  
  25  12:23  SCV  
  25  12:27  Marine x2  
  25  12:28  Marine  
  29  12:35  SCV  
  29  12:45  Marine  
  29  12:48  SCV  
Show
View Real Time Build Order
Export as new Build Order

billiards Zerg 

Build Orders: Hatch First, Muta Ling Bane 

Get SALT Encoding   

  12  0:01  Drone  
  13  0:11  Drone  
  14  0:17  Overlord  
  14  0:37  Drone x2  
  14  0:38  Drone  
  17  0:53  Hatchery  
  16  1:00  Extractor  
  15  1:11  Drone  
  15  1:12  Drone x2  
  18  1:27  Spawning Pool  
  18  1:31  Drone  
  18  1:40  Drone  
  18  1:46  Drone  
  20  1:57  Drone  
  21  2:14  Metabolic Boost  
  21  2:16  Queen x2  
  21  2:17  Drone x2  
  21  2:18  Drone  
  21  2:22  Overlord  
  28  2:31  Overlord  
  28  2:34  Overlord  
  28  2:54  Drone x3  
  28  2:55  Drone  
  32  3:01  Drone x2  
  34  3:06  Roach Warren  
  33  3:19  Drone  
  34  3:20  Drone  
  34  3:23  Extractor, Zergling x4  
  36  3:37  Drone  
  36  3:38  Drone  
  36  3:39  Overlord x2, Drone x2  
  40  4:04  Roach  
  40  4:05  Roach x9  
  58  4:32  Roach  
  58  4:33  Roach x3  
  66  4:42  Overlord x2  
  66  4:44  Lair  
  66  5:01  Hatchery  
  65  5:08  Roach  
  65  5:09  Roach x5  
  77  5:16  Extractor  
  77  5:18  Drone x2, Extractor  
  77  5:30  Overlord x2  
  77  5:46  Overlord  
  77  5:47  Overlord  
  77  5:53  Spire  
  77  5:54  Glial Reconstitution  
  76  5:57  Drone  
  76  5:58  Drone x7  
  84  6:09  Drone x2  
  86  6:14  Queen  
  86  6:16  Overlord  
  60  6:44  Zergling x2  
  60  6:45  Zergling x18  
  58  6:51  Pneumatized Carapace  
  58  6:58  Baneling Nest  
  57  7:10  Zergling x2  
  57  7:11  Zergling x16  
  66  7:24  Spine Crawler  
  66  7:25  Spine Crawler  
  66  7:26  Spine Crawler  
  66  7:27  Spine Crawler  
  59  7:49  Zergling x2  
  59  7:50  Zergling x8  
  53  7:58  Mutalisk  
  53  7:59  Mutalisk x9  
  53  8:04  Mutalisk  
  68  8:39  Baneling  
  68  8:40  Baneling x12  
  68  8:44  Centrifical Hooks  
  62  9:10  Zergling x14  
  62  9:11  Zergling x16  
  71  9:47  Mutalisk  
  71  9:48  Mutalisk x4  
  71  9:49  Zergling x2  
  68  10:14  Baneling x2  
  68  10:15  Baneling x7  
  68  10:25  Drone  
  68  10:26  Drone x8  
  55  11:07  Mutalisk x4  
  55  11:08  Zergling x2  
  55  11:09  Zergling x8  
  64  11:25  Extractor x2  
  55  11:41  Zergling x2  
  55  11:42  Zergling x18  
  55  11:46  Overlord x2  
  61  11:56  Zergling x12  
  65  12:09  Zergling x2  
  65  12:10  Zergling x4  
  65  12:11  Baneling  
  65  12:12  Baneling x14  
  37  12:39  Drone  
  37  12:40  Drone x11  
  45  13:01  Queen x3  
  45  13:15  Zergling x2  
  45  13:16  Zergling x16  
  54  13:28  Zergling x2  
  54  13:29  Zergling x8  
  59  13:39  Zergling x2  
  59  13:40  Zergling x4  
  62  13:41  Baneling x3  
  62  13:42  Baneling x21  
  62  13:48  Zergling x8  
  63  13:50  Baneling  
  63  13:51  Baneling x7  
  66  14:00  Zergling x2  
  66  14:01  Zergling x14  
  73  14:10  Zergling x2  
Tags
 
Add a new tag
Caveats
  • Supply blocks, unpowered buildings, or Contaminate may cause inaccurate times.
  • Supply counts are checked every 10 seconds.